 Dungeon Crawl Stone Soup version 0.28-a0-1117-g0bdd5ba030 (webtiles) character file.

Game seed: 9847057415863316694

94 SensoryNuts the Skirmisher (level 4, -7/40 HPs)
             Began as a Draconian Fighter on Dec 11, 2021.
             Was a Believer of Trog.
             Mangled by a gnoll (8 damage)
             ... on level 3 of the Dungeon.
             The game lasted 00:02:43 (2209 turns).

SensoryNuts the Skirmisher (Draconian Fighter)      Turns: 2209, Time: 00:02:43

Health: -7/40      AC:  5    Str: 20    XL:     4   Next: 38%
Magic:  4/4        EV: 12    Int:  9    God:    Trog [**....]
Gold:   106        SH:  4    Dex: 10    Spells: 3/3 levels left

rFire   . . .      SeeInvis .   a - +0 long sword
rCold   . . .      Faith    .   b - +0 buckler
rNeg    . . .      Spirit   .   (armour unavailable)
rPois   .          Reflect  .   (helmet restricted)
rElec   .          Harm     .   (no cloak)
rCorr   .          Rampage  .   (no gloves)
Will    .....                   (no boots)
Stlth   +.........              (no amulet)
HPRegen 0.13/turn               (no ring)
MPRegen 0.09/turn               (no ring)

@: mighty
A: AC +5, unfitting armour, cold-blooded
a: Renounce Religion, Berserk, Trog's Hand


You were on level 3 of the Dungeon.
You worshipped Trog.
Trog was pleased with you.
You visited 1 branch of the dungeon, and saw 3 of its levels.

You collected 106 gold pieces.

Inventory:

Hand Weapons
 a - a +0 long sword (weapon)
Armour
 b - a +0 buckler (worn)
Scrolls
 d - 2 scrolls of teleportation {unknown}
 e - a scroll of blinking {unknown}
 f - a scroll of silence {unknown}
 h - a scroll of fog {unknown}
 i - a scroll of enchant armour {unknown}
 j - 4 scrolls of fear {unknown}
 l - a scroll of magic mapping {unknown}
 m - a scroll of enchant weapon {unknown}
 n - 2 scrolls of torment {unknown}
Potions
 c - a potion of might
 g - 2 potions of haste {unknown}
 k - 4 potions of curing {unknown}
 o - a potion of mutation {unknown}


   Skills:
 + Level 3.7 Fighting
 + Level 3.2 Long Blades
 + Level 3.2 Dodging
 + Level 0.3 Stealth
 + Level 3.6 Shields


You had 3 spell levels left.
You didn't know any spells.
Your spell library was empty.

Dungeon Overview and Level Annotations

Branches:
Dungeon (3/15)

Altars:
Trog


Innate Abilities, Weirdness & Mutations

Your plain brown scales are hard. (AC +5)
You cannot fit into any form of body armour.
You are cold-blooded and may be slowed by cold attacks.


Message History

You hit the gnoll.
The gnoll is almost dead.
The gnoll barely misses you. The gnoll hits you but does no damage.
You hit the gnoll.
The gnoll is almost dead.
The gnoll hits you with a +0 spear. You block the gnoll's attack.
You are too injured to fight recklessly!
You are too injured to fight recklessly!
You are too injured to fight recklessly!
You are too injured to fight recklessly!
There are monsters nearby!
Unknown command.
The gnoll hits you from afar with a +0 spear.
* * * LOW HITPOINT WARNING * * *
The gnoll barely misses you.
You feel very mighty all of a sudden. You block the gnoll's attack.
You slash the gnoll!
You kill the gnoll!
Trog accepts your kill. The gnoll hits you but does no damage.
You closely miss the gnoll. The gnoll barely misses you.
The gnoll hits you with a +0 whip.
* * * LOW HITPOINT WARNING * * *
You block the gnoll's attack.
You barely miss the gnoll. The gnoll hits you with a +0 whip.
* * * LOW HITPOINT WARNING * * *
The gnoll hits you but does no damage.
You slash the gnoll!
The gnoll is almost dead.
The gnoll barely misses you.
The gnoll hits you from afar with a +0 spear.
* * * LOW HITPOINT WARNING * * *
You slash the gnoll!
You kill the gnoll!
Trog accepts your kill. You block the gnoll's attack. x2
You closely miss the gnoll.
The gnoll hits you from afar with a +0 spear!
You die...

. .. ... .. ...
#### #.# ##.. ..#
#.### #...g###g#
#...# #.lg@..##
#...#
......##."(###
#.... .....
#.#...#######...#
.[..
#.............)..
..?
##...............
..
#.##!#..........
.
#.#..##.##......
#.#.###.##.#....
#.#. #.##.#....


You could see 2 gnolls, a goblin and a frilled lizard.

Vanquished Creatures
  2 gnolls (D:3)
  An adder (D:3)
  A dart slug (D:1)
  An orc (D:3)
  A ball python (D:1)
  5 endoplasms (D:1)
  3 giant cockroaches (D:1)
  5 goblins
  3 hobgoblins (D:2)
  6 quokkas
  2 bats
  3 frilled lizards
  4 kobolds
  28 rats
65 creatures vanquished.

Vanquished Creatures (others)
  A plant (D:3)
1 creature vanquished.

Grand Total: 66 creatures vanquished

Notes
Turn   | Place    | Note
-------+----------+-------------------------------------------
     0 | D:1      | SensoryNuts the Draconian Fighter began the quest for the
                  | Orb.
     0 | D:1      | Reached XP level 1. HP: 19/19 MP: 1/1
   207 | D:1      | Reached XP level 2. HP: 26/26 MP: 2/2
   701 | D:1      | Found a faded altar of an unknown god.
   719 | D:1      | Prayed at the altar of an unknown god.
   719 | D:1      | Became a worshipper of Trog the Wrathful
   719 | D:1      | Reached * piety under Trog
   910 | D:1      | Reached XP level 3. HP: 26/31 MP: 3/3
  1703 | D:2      | Reached ** piety under Trog
  2118 | D:3      | Reached XP level 4. HP: 40/40 MP: 4/4
  2207 | D:3      | HP: 1/40 [gnoll (4)]
  2209 | D:3      | Mangled by a gnoll

Illustrated notes

Levels and vault maps discovered:
D:1:      onia_arrival_mini_maze, layout_basic, basic_ecumenical_altar,
          minmay_misc_feat_square, kennysheep_pointless_box
D:2:      layout_loops_ring, minmay_statues_item, minmay_rat_hole
D:3:      minmay_angry_zag, layout_loops_cross, nicolae_uskayaw_dance_hall,
          pdpol_wu_jian_five_deadly_venoms, serial_bayou_lagoon_b

Skill      XL: |  1  2  3 |
---------------+----------+-----
Dodging        | 3 |  3.2
Long Blades    | 3 |  3.2
Fighting       | |  3.7
Stealth        | |  0.3
Shields        | |  3.6

Action                   |  1- 3 |  4- 6 || total
-------------------------+-------+-------++-------
Melee: Long sword        |   147 |    16 ||   163
       Tailslap          |    15 |       ||    15
  Use: Potion            |       |     1 ||     1
 Stab: Sleeping          |     1 |       ||     1
Armor: Skin              |    55 |     4 ||    59
Dodge: Dodged            |    92 |    12 ||   104
Block: Buckler           |    36 |    11 ||    47

Table legend: (Time is in decaauts)
 A = Elapsed time spent in this place.
 B = Non-inter-level travel time spent in this place.
 C = Inter-level travel time spent in this place.
 D = Time resting spent in this place.
 E = Time spent auto-exploring this place.
 F = Levels seen in this place.
 G = Mean time per level.
                   A        B        C        D        E       F      G
               +--------+--------+--------+--------+--------+-----+--------+
         Total |   2256 |   2256 |      0 |      0 |   1778 |   3 |  752.0 |
       Dungeon |   2256 |   2256 |      0 |      0 |   1778 |   3 |  752.0 |
               +--------+--------+--------+--------+--------+-----+--------+

Top non-repeatable levels by time:
     D:1: 1187 daAuts
     D:2: 831 daAuts
     D:3: 237 daAuts
